Map: Ley Lines

Players

SubN

  • Race: Zerg Zerg
  • League: Diamond
  • Spawn Location: 7:00

Asakura - Winner!

  • Race: Terran Terran
  • League: Platinum
  • Spawn Location: 1:00

VOD

Have the link to the VOD?

Description

Time

  • Played on: July 30, 2025, 9:45 p.m.
  • Length: 9:32
Show
View Real Time Build Order
Export as new Build Order

SubN Zerg 

Build Orders: Hatch First 

Get SALT Encoding   

  12  0:00  Drone  
  13  0:12  Overlord  
  13  0:17  Drone  
  14  0:30  Drone x2  
  16  0:36  Drone  
  17  0:49  Hatchery  
  16  0:52  Drone  
  16  0:56  Drone  
  18  1:00  Extractor  
  17  1:11  Spawning Pool  
  16  1:14  Drone  
  16  1:17  Drone  
  18  1:27  Drone  
  19  2:00  Zergling x6  
  22  2:02  Zergling x2  
  22  2:03  Queen  
  22  2:04  Queen  
  27  2:12  Overlord  
  27  2:14  Metabolic Boost  
  27  2:17  Overlord  
  27  2:31  Drone x2  
  29  2:40  Drone x2  
  31  2:46  Queen  
  33  3:01  Queen  
  36  3:12  Drone  
  36  3:18  Baneling Nest  
  35  3:22  Pneumatized Carapace  
  35  3:28  Spore Crawler  
  35  3:30  Spore Crawler  
  35  3:31  Drone x2  
  35  3:36  Extractor  
  34  3:48  Overlord  
  34  3:52  Overlord  
  34  4:03  Drone  
  34  4:04  Drone  
  34  4:05  Lair  
  34  4:06  Overlord  
  36  4:10  Drone  
  36  4:13  Drone x3  
  39  4:21  Baneling x2  
  39  4:24  Baneling  
  39  4:28  Drone x5  
  44  4:39  Hatchery  
  44  4:45  Queen  
  44  5:02  Drone x8  
  52  5:11  Spire  
  51  5:16  Drone  
  51  5:18  Drone, Extractor x2  
  51  5:19  Drone  
  51  5:20  Drone  
  53  5:38  Zergling x2  
  53  5:39  Zergling x12  
  53  5:41  Centrifugal Hooks  
  60  5:43  Baneling  
  60  5:50  Overlord x2  
  60  5:51  Overlord x2  
  60  5:58  Baneling  
  60  5:59  Baneling x7  
  60  6:10  Zergling x16  
  60  6:11  Zergling x2  
  69  6:26  Zergling x2  
  69  6:27  Zergling x10  
  75  6:34  Zergling x6  
  75  6:35  Zergling x2  
  75  7:00  Queen  
  77  7:02  Overlord x2  
  77  7:03  Mutalisk x5  
  77  7:08  Mutalisk  
  87  7:15  Zergling x2  
  90  7:16  Zergling x12  
  96  7:24  Baneling x3  
  96  7:28  Baneling x3  
  95  7:30  Overlord x2  
  95  7:46  Overlord x2  
  65  8:23  Zergling x6  
  65  8:24  Zergling x30  
  83  8:29  Hatchery  
  83  8:33  Evolution Chamber  
  81  8:36  Evolution Chamber  
  80  8:47  Baneling  
  80  8:48  Baneling x21  
  80  8:55  Zergling x14  
  83  8:56  Zergling x4  
  86  9:14  Zergling x18  
Show
View Real Time Build Order
Export as new Build Order

Asakura Terran - Winner!

Build Orders:  

Get SALT Encoding   

  12  0:00  SCV  
  13  0:16  Supply Depot  
  13  0:28  SCV  
  14  0:31  Refinery  
  14  0:39  Barracks  
  14  0:42  SCV  
  15  1:08  SCV  
  16  1:20  SCV  
  17  1:29  Command Center, Marine  
  18  1:38  Supply Depot  
  18  1:49  Orbital Command  
  18  1:55  Marine  
  19  2:06  Factory  
  19  2:13  Marine  
  20  2:20  Refinery  
  20  2:22  SCV  
  21  2:35  Marine  
  22  2:37  SCV  
  23  2:45  SCV  
  24  3:01  Orbital Command  
  24  3:02  Factory Tech Lab  
  24  3:05  SCV  
  24  3:06  Marine  
  24  3:08  Starport  
  26  3:17  Barracks  
  26  3:18  SCV  
  27  3:20  Orbital Command  
  30  3:27  Siege Tank  
  30  3:31  Barracks Tech Lab  
  31  3:41  SCV  
  31  3:46  Starport Reactor  
  31  3:52  Barracks  
  31  3:53  Orbital Command, SCV  
  32  4:05  SCV  
  33  4:19  Marine  
  33  4:20  Marine  
  33  4:22  SCV  
  33  4:24  Barracks  
  36  4:26  Engineering Bay  
  36  4:30  Medivac  
  36  4:31  SCV  
  39  4:34  SCV  
  39  4:37  Marine  
  39  4:38  Marine  
  41  4:40  Stimpack  
  41  4:43  SCV  
  43  4:49  SCV  
  43  4:50  Barracks Reactor  
  44  4:54  Marine  
  44  4:55  SCV  
  46  5:00  Supply Depot  
  46  5:02  Missile Turret  
  46  5:06  Barracks Tech Lab  
  46  5:11  Refinery, Barracks Reactor  
  46  5:21  Marine, SCV x2, Medivac  
  46  5:26  Missile Turret  
  46  5:28  Marine  
  52  5:32  Supply Depot  
  52  5:34  SCV x2  
  54  5:44  Refinery  
  54  5:50  Supply Depot  
  54  5:53  Marine x3, SCV x2  
  54  5:55  Supply Depot  
  54  5:56  Marine x2  
  61  5:57  Marine  
  61  5:58  Concussive Shells  
  62  6:11  SCV x2  
  62  6:12  Marauder  
  62  6:15  Marauder  
  68  6:20  Combat Shield  
  68  6:23  SCV x2  
  68  6:24  Command Center  
  70  6:26  Supply Depot, Marine x4  
  70  6:31  Supply Depot  
  74  6:32  Terran Infantry Weapons Level 1  
  74  6:35  SCV  
  74  6:39  Missile Turret  
  75  6:54  Marine, SCV  
  64  6:55  Marine x3  
  64  6:58  Marine, Siege Tank  
  64  6:59  Marine  
  74  7:11  Marine  
  74  7:13  Marine  
  76  7:15  Marine  
  76  7:17  Marauder x2, SCV x2  
  76  7:21  Marine  
  84  7:29  Marine  
  85  7:31  Missile Turret  
  85  7:38  Marauder x2  
  89  7:46  Supply Depot  
  89  7:52  Marine x2  
  91  7:59  Marine  
  91  8:00  Marauder, Marine  
  91  8:21  SCV  
  91  8:24  Marine  
  93  8:27  Supply Depot  
  93  8:28  Marine  
  93  8:29  Marine, Siege Tank  
  93  8:30  Marauder, Marine x2  
  93  8:31  Liberator, Medivac  
  93  8:33  SCV  
  108  8:35  SCV  
  109  8:42  Marine  
  109  8:46  Orbital Command, Marine  
  113  8:48  Marauder  
  113  8:49  SCV  
  113  8:52  Marauder  
  113  8:53  SCV  
  117  9:01  SCV  
  121  9:06  Marine x2  
  121  9:09  Marauder  
Tags
 
Matchup
TvZ
Replay Pack
Multiplayer
Spawn Locations
Cross Positions
Add a new tag
Caveats
  • Supply blocks, unpowered buildings, or Contaminate may cause inaccurate times.
  • Supply counts are checked every 10 seconds.